[ PARTIDA AOE2 · #460475335 ]
UnrankedMongoles vs Vietnamese
[ ANÁLISIS DE REPETICIÓN · EXTRAÍDO DE LA PARTIDA GRABADA ]
Feudal
13:05
Castillos
26:35
Imperial
—
| APM promedio | 21.2 |
| APM pico | 47 |
| eAPM promedio | 11.0 |
| Aldeanos / militares | 48 / 19 |
Foco
⚔️ 15.4% · 🌾 84.6%
Spearman ×7 · Steppe Lancer ×7 · Mangudai ×3 · Trade Cart ×1 · Camel Scout ×1 · Demolition Raft ×1
Feudal
12:04
Castillos
—
Imperial
—
| APM promedio | 9.9 |
| APM pico | 30 |
| eAPM promedio | 8.3 |
| Aldeanos / militares | 36 / 39 |
Foco
⚔️ 29.2% · 🌾 70.8%
Spearman ×21 · Skirmisher ×12 · Archer ×6
Feudal
17:41
Castillos
—
Imperial
—
| APM promedio | 9.4 |
| APM pico | 20 |
| eAPM promedio | 8.0 |
| Aldeanos / militares | 58 / 0 |
Foco
⚔️ 23.5% · 🌾 76.5%
Trade Cart ×14
Feudal
14:49
Castillos
23:13
Imperial
—
| APM promedio | 11.1 |
| APM pico | 21 |
| eAPM promedio | 7.1 |
| Aldeanos / militares | 51 / 11 |
Foco
⚔️ 8.6% · 🌾 91.4%
Mameluke ×10 · Monk ×1 · Trade Cart ×1
Mapa de la partida
Recursos iniciales + cada clic de construcción. Líneas = muros · curvas = relieve. ◆ oro · ⬟ piedra · ● bayas · ✦ reliquia · ◌ hueco del cierre
Tu base· Abierta — flanco sin cerrar
Base de SaveBook· ✓ Cerrada en 31:15 · 21t muro · 3 puerta(s)
Base de jose.rodarte· ✓ Cerrada en 12:00 · 38t muro · 5 puerta(s)
Base de BLaCKMaN· Abierta — hueco de 2t
Terreno inicial suavizado · ◌ = hueco del cierre detectado · pasá el cursor para detalles
Inputs por minuto
— El- Üzüm Buğusu - - SaveBook
Build order — El- Üzüm Buğusu
129 acciones detectadas en el replay
| 0:07 | Crear | Villager (Male) ×4 |
| 0:13 | Construir | House |
| 0:15 | Construir | House |
| 0:19 | Construir | House |
| 2:04 | Crear | Villager (Male) |
| 2:45 | Crear | Villager (Male) |
| 3:33 | Construir | Lumber Camp |
| 3:39 | Crear | Villager (Male) |
| 3:57 | Crear | Villager (Male) |
| 4:24 | Crear | Villager (Male) |
| 5:01 | Crear | Villager (Male) |
| 5:52 | Crear | Villager (Male) |
| 6:33 | Crear | Villager (Male) |
| 8:05 | Crear | Villager (Male) |
| 8:08 | Crear | Villager (Male) |
| 8:59 | Crear | Villager (Male) |
| 9:46 | Crear | Villager (Male) |
| 9:57 | Construir | Mill |
| 10:21 | Construir | House |
| 10:55 | Investigar | Feudal Age |
| 12:19 | Construir | House |
| 13:05 | Edad | Edad Feudal |
| 13:14 | Crear | Villager (Male) |
| 13:14 | Crear | Villager (Male) |
| 13:20 | Investigar | Horse Collar |
| 13:23 | Investigar | Double-Bit Axe |
| 13:57 | Construir | Barracks |
| 14:00 | Crear | Villager (Male) |
| 14:19 | Crear | Villager (Male) |
| 14:42 | Construir | Mining Camp |
| 14:43 | Crear | Villager (Male) |
| 14:55 | Construir | Dock |
| 14:57 | Crear | Spearman |
| 15:07 | Crear | Villager (Male) |
| 15:33 | Construir | Farm |
| 15:34 | Construir | Farm |
| 15:36 | Construir | Farm |
| 15:37 | Construir | Farm |
| 16:00 | Crear | Villager (Male) |
| 16:06 | Construir | Farm |
| 16:09 | Construir | Farm |
| 16:12 | Construir | Farm |
| 16:18 | Construir | Farm |
| 16:21 | Construir | Farm |
| 16:24 | Construir | Farm |
| 16:27 | Construir | Farm |
| 16:29 | Construir | Farm |
| 16:31 | Crear | Villager (Male) |
| 16:35 | Crear | Villager (Male) |
| 17:12 | Crear | Villager (Male) |
| 17:12 | Crear | Villager (Male) |
| 17:17 | Construir | Mining Camp |
| 17:34 | Construir | House |
| 18:03 | Crear | Demolition Raft |
| 18:50 | Construir | Market |
| 18:52 | Crear | Villager (Male) |
| 18:53 | Crear | Spearman |
| 18:57 | Crear | Villager (Male) |
| 19:06 | Construir | Farm |
| 19:07 | Crear | Villager (Male) |
| 19:20 | Construir | House |
| 20:18 | Crear | Villager (Male) |
| 20:26 | Construir | Farm |
| 20:30 | Construir | Farm |
| 20:48 | Crear | Spearman |
| 21:19 | Crear | Villager (Male) |
| 21:22 | Construir | Farm |
| 21:54 | Construir | House |
| 21:55 | Construir | House |
| 22:10 | Crear | Villager (Male) |
| 22:40 | Construir | Blacksmith |
| 22:59 | Crear | Spearman |
| 23:09 | Construir | Farm |
| 23:55 | Investigar | Castle Age |
| 24:04 | Construir | Stable |
| 24:06 | Construir | Stable |
| 24:11 | Crear | Spearman |
| 24:30 | Investigar | Forging |
| 24:31 | Investigar | Scale Barding Armor |
| 24:32 | Investigar | Fletching |
| 24:32 | Investigar | Padded Archer Armor |
| 25:17 | Crear | Trade Cart |
| 25:37 | Investigar | Stone Mining |
| 25:38 | Investigar | Gold Mining |
| 25:48 | Construir | House |
| 25:49 | Construir | House |
| 25:58 | Crear | Spearman |
| 26:22 | Crear | Spearman |
| 26:32 | Construir | Stable |
| 26:35 | Edad | Edad de los Castillos |
| 26:35 | Crear | Camel Scout |
| 26:39 | Crear | Steppe Lancer |
| 26:41 | Crear | Steppe Lancer |
| 26:41 | Crear | Steppe Lancer |
| 26:45 | Crear | Villager (Male) |
| 26:52 | Investigar | Squires |
| 26:55 | Investigar | Heavy Plow |
| 26:55 | Investigar | Bow Saw |
| 27:17 | Crear | Villager (Male) |
| 27:29 | Construir | Town Center |
| 27:33 | Crear | Villager (Male) |
| 27:41 | Crear | Steppe Lancer |
| 28:08 | Construir | Castle |
| 28:12 | Construir | Farm |
| 28:16 | Investigar | Iron Casting |
| 28:18 | Crear | Villager (Male) |
| 28:20 | Crear | Villager (Male) |
| 28:52 | Crear | Steppe Lancer |
| 28:53 | Crear | Steppe Lancer |
| 28:54 | Crear | Steppe Lancer |
| 29:10 | Construir | Stable |
| 29:23 | Crear | Villager (Male) |
| 29:23 | Crear | Villager (Male) |
| 29:25 | Crear | Villager (Male) |
| 29:28 | Construir | Farm |
| 29:34 | Crear | Villager (Male) |
| 29:35 | Crear | Villager (Male) |
| 30:15 | Crear | Mangudai |
| 30:15 | Crear | Mangudai |
| 30:20 | Investigar | Leather Archer Armor |
| 30:23 | Construir | Farm |
| 30:27 | Construir | Farm |
| 30:28 | Crear | Villager (Male) |
| 30:41 | Construir | Mining Camp |
| 30:53 | Crear | Villager (Male) |
| 30:57 | Crear | Villager (Male) |
| 31:10 | Crear | Mangudai |
| 31:17 | Crear | Villager (Male) |
| 31:19 | Crear | Villager (Male) |
Build order — SaveBook
139 acciones detectadas en el replay
| 0:14 | Construir | Mining Camp |
| 0:30 | Construir | House |
| 0:37 | Crear | Villager (Male) |
| 1:05 | Crear | Villager (Male) |
| 1:36 | Crear | Villager (Male) |
| 1:38 | Crear | Villager (Male) |
| 1:54 | Crear | Villager (Male) |
| 2:03 | Construir | House |
| 2:50 | Crear | Villager (Male) |
| 3:28 | Construir | Mill |
| 3:33 | Crear | Villager (Male) |
| 4:36 | Crear | Villager (Male) |
| 4:43 | Crear | Villager (Male) |
| 4:51 | Construir | House |
| 5:11 | Construir | House |
| 5:21 | Construir | House |
| 5:29 | Crear | Villager (Male) |
| 5:45 | Crear | Villager (Male) |
| 6:06 | Crear | Villager (Male) |
| 6:38 | Crear | Villager (Male) |
| 6:53 | Crear | Villager (Male) |
| 7:54 | Construir | Palisade Wall |
| 8:12 | Construir | Palisade Gate |
| 8:22 | Construir | Palisade Wall |
| 8:46 | Crear | Villager (Male) |
| 9:12 | Construir | Lumber Camp |
| 9:17 | Crear | Villager (Male) |
| 9:43 | Construir | Farm |
| 9:44 | Construir | Farm |
| 9:54 | Investigar | Feudal Age |
| 10:22 | Investigar | Loom |
| 10:23 | Crear | Villager (Male) |
| 11:28 | Construir | Lumber Camp |
| 11:41 | Crear | Villager (Male) |
| 12:04 | Edad | Edad Feudal |
| 12:12 | Investigar | Horse Collar |
| 12:15 | Investigar | Double-Bit Axe |
| 12:31 | Construir | Mining Camp |
| 12:43 | Crear | Villager (Male) |
| 13:14 | Construir | Stone Wall |
| 13:26 | Construir | Watch Tower |
| 13:39 | Crear | Villager (Male) |
| 13:42 | Construir | Farm |
| 13:45 | Construir | Farm |
| 13:47 | Crear | Villager (Male) |
| 13:50 | Construir | Farm |
| 14:37 | Construir | Farm |
| 14:40 | Construir | Farm |
| 14:40 | Crear | Villager (Male) |
| 15:12 | Construir | House |
| 15:14 | Construir | House |
| 15:19 | Construir | Farm |
| 15:20 | Crear | Villager (Male) |
| 15:36 | Crear | Villager (Male) |
| 15:43 | Investigar | Town Watch |
| 15:58 | Construir | Barracks |
| 17:36 | Construir | Blacksmith |
| 17:42 | Crear | Spearman |
| 17:50 | Crear | Villager (Male) |
| 17:52 | Investigar | Wheelbarrow |
| 18:18 | Construir | Mining Camp |
| 18:44 | Investigar | Padded Archer Armor |
| 18:45 | Investigar | Fletching |
| 18:58 | Construir | Mining Camp |
| 19:02 | Crear | Villager (Male) |
| 19:26 | Construir | Market |
| 20:05 | Construir | Stone Wall |
| 20:11 | Construir | Gate |
| 20:22 | Crear | Spearman |
| 20:22 | Crear | Spearman |
| 21:12 | Crear | Spearman |
| 21:12 | Crear | Spearman |
| 21:13 | Crear | Spearman |
| 21:13 | Crear | Spearman |
| 21:13 | Crear | Spearman |
| 21:14 | Crear | Spearman |
| 21:14 | Crear | Spearman |
| 21:19 | Investigar | Arson |
| 22:19 | Construir | Archery Range |
| 24:02 | Crear | Spearman |
| 24:02 | Crear | Spearman |
| 24:03 | Crear | Spearman |
| 24:03 | Crear | Spearman |
| 24:03 | Crear | Spearman |
| 24:06 | Investigar | Forging |
| 24:06 | Investigar | Scale Mail Armor |
| 24:07 | Investigar | Scale Mail Armor |
| 24:09 | Crear | Skirmisher |
| 24:10 | Crear | Skirmisher |
| 24:18 | Crear | Archer |
| 24:19 | Crear | Archer |
| 24:19 | Crear | Archer |
| 24:21 | Crear | Archer |
| 24:21 | Crear | Archer |
| 24:22 | Crear | Archer |
| 24:30 | Crear | Spearman |
| 24:34 | Crear | Villager (Male) |
| 24:41 | Construir | House |
| 24:46 | Crear | Villager (Male) |
| 24:57 | Construir | House |
| 24:59 | Construir | House |
| 25:05 | Construir | House |
| 25:09 | Crear | Villager (Male) |
| 25:25 | Investigar | Scale Barding Armor |
| 25:51 | Construir | Farm |
| 25:53 | Crear | Villager (Male) |
| 26:04 | Construir | Farm |
| 26:17 | Crear | Villager (Male) |
| 26:32 | Construir | Farm |
| 26:33 | Crear | Villager (Male) |
| 26:35 | Crear | Villager (Male) |
| 26:43 | Construir | Farm |
| 26:49 | Construir | Farm |
| 27:13 | Construir | Farm |
| 27:36 | Construir | Mining Camp |
| 27:51 | Crear | Villager (Male) |
| 27:57 | Construir | Farm |
| 28:01 | Crear | Villager (Male) |
| 28:18 | Construir | House |
| 28:30 | Crear | Spearman |
| 28:31 | Crear | Spearman |
| 28:33 | Crear | Spearman |
| 29:35 | Crear | Spearman |
| 29:38 | Crear | Spearman |
| 29:48 | Crear | Skirmisher |
| 29:49 | Crear | Skirmisher |
| 29:50 | Crear | Skirmisher |
| 29:51 | Crear | Skirmisher |
| 29:51 | Crear | Skirmisher |
| 29:52 | Crear | Skirmisher |
| 29:53 | Crear | Skirmisher |
| 29:53 | Crear | Skirmisher |
| 29:54 | Crear | Skirmisher |
| 29:54 | Crear | Skirmisher |
| 30:08 | Construir | Gate |
| 30:21 | Crear | Villager (Male) |
| 30:41 | Construir | House |
| 31:06 | Construir | House |
| 31:15 | Investigar | Castle Age |
Build order — jose.rodarte
104 acciones detectadas en el replay
| 0:20 | Construir | Palisade Wall |
| 0:23 | Construir | Palisade Gate |
| 0:38 | Construir | Palisade Wall |
| 0:42 | Construir | Palisade Gate |
| 0:47 | Crear | Villager (Male) |
| 0:47 | Investigar | Loom |
| 0:48 | Crear | Villager (Male) |
| 0:48 | Crear | Villager (Male) |
| 0:48 | Crear | Villager (Male) |
| 0:49 | Crear | Villager (Male) |
| 0:51 | Construir | House |
| 0:53 | Construir | House |
| 0:54 | Construir | House |
| 2:51 | Construir | Palisade Gate |
| 3:34 | Construir | Palisade Gate |
| 3:51 | Crear | Villager (Male) |
| 4:37 | Construir | Palisade Wall |
| 4:50 | Construir | Palisade Wall |
| 4:52 | Construir | Palisade Gate |
| 5:11 | Construir | Mill |
| 6:06 | Construir | House |
| 6:14 | Crear | Villager (Male) |
| 6:14 | Crear | Villager (Male) |
| 6:47 | Crear | Villager (Male) |
| 6:48 | Crear | Villager (Male) |
| 8:05 | Crear | Villager (Male) |
| 8:05 | Crear | Villager (Male) |
| 8:05 | Crear | Villager (Male) |
| 8:19 | Crear | Villager (Male) |
| 8:19 | Crear | Villager (Male) |
| 8:44 | Construir | House |
| 8:45 | Construir | House |
| 9:40 | Crear | Villager (Male) |
| 9:59 | Crear | Villager (Male) |
| 10:00 | Crear | Villager (Male) |
| 10:17 | Construir | Lumber Camp |
| 11:05 | Crear | Villager (Male) |
| 11:05 | Crear | Villager (Male) |
| 11:05 | Crear | Villager (Male) |
| 11:14 | Crear | Villager (Male) |
| 11:20 | Crear | Villager (Male) |
| 11:25 | Construir | House |
| 11:39 | Construir | Mining Camp |
| 12:42 | Construir | Lumber Camp |
| 13:36 | Construir | Lumber Camp |
| 13:43 | Crear | Villager (Male) |
| 13:44 | Crear | Villager (Male) |
| 13:46 | Crear | Villager (Male) |
| 15:16 | Construir | Mining Camp |
| 15:31 | Investigar | Feudal Age |
| 16:15 | Crear | Villager (Male) |
| 16:15 | Crear | Villager (Male) |
| 16:15 | Crear | Villager (Male) |
| 16:16 | Crear | Villager (Male) |
| 17:41 | Edad | Edad Feudal |
| 18:13 | Construir | Stone Wall |
| 18:15 | Construir | Stone Wall |
| 18:20 | Construir | Gate |
| 18:24 | Investigar | Stone Mining |
| 18:35 | Construir | Mill |
| 18:47 | Investigar | Wheelbarrow |
| 19:00 | Construir | Market |
| 19:29 | Crear | Villager (Male) ×3 |
| 19:49 | Construir | Gate |
| 20:18 | Crear | Villager (Male) ×2 |
| 21:25 | Construir | Stone Wall |
| 21:28 | Construir | Gate |
| 21:30 | Construir | Gate |
| 21:32 | Construir | Gate |
| 22:02 | Crear | Trade Cart ×5 |
| 22:16 | Construir | Watch Tower |
| 22:31 | Crear | Villager (Male) ×5 |
| 22:51 | Construir | Mill |
| 23:04 | Crear | Trade Cart ×4 |
| 24:04 | Construir | House |
| 24:05 | Construir | House |
| 24:07 | Construir | House |
| 24:08 | Construir | House |
| 24:25 | Construir | Stone Wall |
| 24:29 | Construir | Gate |
| 24:32 | Construir | Gate |
| 24:39 | Construir | Mill |
| 24:49 | Crear | Villager (Male) ×5 |
| 24:50 | Crear | Villager (Male) ×5 |
| 24:50 | Crear | Villager (Male) ×3 |
| 25:04 | Construir | Lumber Camp |
| 25:12 | Construir | House |
| 25:13 | Construir | House |
| 25:16 | Construir | House |
| 25:18 | Construir | House |
| 26:11 | Construir | House |
| 26:13 | Construir | House |
| 26:15 | Construir | House |
| 26:16 | Construir | House |
| 26:25 | Crear | Trade Cart ×5 |
| 26:44 | Construir | Lumber Camp |
| 28:04 | Construir | Blacksmith |
| 28:14 | Construir | Barracks |
| 28:45 | Construir | Watch Tower |
| 29:11 | Construir | Mining Camp |
| 29:16 | Investigar | Double-Bit Axe |
| 29:23 | Construir | Lumber Camp |
| 29:30 | Investigar | Double-Bit Axe |
| 30:15 | Crear | Villager (Male) ×5 |
Build order — BLaCKMaN
123 acciones detectadas en el replay
| 0:16 | Construir | House |
| 0:21 | Construir | House |
| 0:22 | Construir | House |
| 0:24 | Construir | House |
| 0:29 | Investigar | Loom |
| 0:29 | Crear | Villager (Male) |
| 0:29 | Crear | Villager (Male) |
| 0:29 | Crear | Villager (Male) |
| 0:30 | Crear | Villager (Male) |
| 1:57 | Crear | Villager (Male) |
| 1:57 | Crear | Villager (Male) |
| 2:42 | Crear | Villager (Male) |
| 3:17 | Crear | Villager (Male) |
| 3:17 | Crear | Villager (Male) |
| 3:41 | Crear | Villager (Male) |
| 4:25 | Crear | Villager (Male) |
| 4:25 | Crear | Villager (Male) |
| 5:10 | Crear | Villager (Male) |
| 5:10 | Crear | Villager (Male) |
| 5:31 | Crear | Villager (Male) |
| 5:42 | Construir | Mill |
| 6:52 | Crear | Villager (Male) |
| 7:03 | Crear | Villager (Male) |
| 7:42 | Crear | Villager (Male) |
| 7:43 | Crear | Villager (Male) |
| 7:55 | Construir | Mining Camp |
| 7:59 | Crear | Villager (Male) |
| 8:13 | Construir | Mining Camp |
| 8:42 | Construir | Lumber Camp |
| 8:56 | Crear | Villager (Male) |
| 9:08 | Construir | House |
| 9:12 | Construir | House |
| 9:16 | Crear | Villager (Male) |
| 9:17 | Crear | Villager (Male) |
| 10:04 | Construir | Farm |
| 10:11 | Construir | Farm |
| 10:17 | Construir | Farm |
| 10:41 | Construir | Farm |
| 10:58 | Construir | Farm |
| 11:04 | Construir | Farm |
| 11:39 | Construir | Farm |
| 12:14 | Construir | Farm |
| 12:39 | Investigar | Feudal Age |
| 13:55 | Construir | Barracks |
| 14:02 | Crear | Villager (Male) |
| 14:02 | Crear | Villager (Male) |
| 14:02 | Crear | Villager (Male) |
| 14:02 | Crear | Villager (Male) |
| 14:03 | Crear | Villager (Male) |
| 14:49 | Edad | Edad Feudal |
| 15:55 | Construir | Market |
| 17:17 | Investigar | Wheelbarrow |
| 17:22 | Crear | Villager (Male) |
| 17:23 | Crear | Villager (Male) |
| 17:23 | Crear | Villager (Male) |
| 17:23 | Crear | Villager (Male) |
| 17:33 | Construir | Farm |
| 17:40 | Construir | Farm |
| 17:46 | Construir | Farm |
| 17:52 | Construir | Farm |
| 18:02 | Construir | Mill |
| 18:06 | Construir | Farm |
| 18:17 | Construir | Blacksmith |
| 19:38 | Construir | House |
| 19:43 | Construir | House |
| 19:46 | Construir | House |
| 19:49 | Construir | House |
| 19:52 | Construir | House |
| 20:20 | Construir | Lumber Camp |
| 20:33 | Investigar | Castle Age |
| 20:58 | Crear | Trade Cart |
| 21:18 | Crear | Villager (Male) |
| 21:18 | Crear | Villager (Male) |
| 21:18 | Crear | Villager (Male) |
| 21:19 | Crear | Villager (Male) |
| 21:19 | Crear | Villager (Male) |
| 22:13 | Construir | House |
| 22:17 | Construir | House |
| 22:21 | Construir | House |
| 23:13 | Edad | Edad de los Castillos |
| 23:20 | Construir | Castle |
| 23:44 | Investigar | Hand Cart |
| 23:47 | Investigar | Horse Collar |
| 23:51 | Investigar | Double-Bit Axe |
| 24:52 | Construir | Archery Range |
| 25:32 | Construir | Monastery |
| 25:36 | Crear | Villager (Male) |
| 25:37 | Crear | Villager (Male) |
| 25:37 | Crear | Villager (Male) |
| 25:37 | Crear | Villager (Male) |
| 25:37 | Crear | Villager (Male) |
| 26:09 | Crear | Mameluke |
| 26:09 | Crear | Mameluke |
| 26:09 | Crear | Mameluke |
| 26:10 | Crear | Mameluke |
| 26:10 | Crear | Mameluke |
| 26:11 | Crear | Mameluke |
| 26:11 | Crear | Mameluke |
| 26:11 | Crear | Mameluke |
| 26:11 | Crear | Mameluke |
| 26:12 | Crear | Mameluke |
| 26:23 | Investigar | Gold Mining |
| 26:24 | Investigar | Stone Mining |
| 26:40 | Construir | Farm |
| 26:46 | Crear | Monk |
| 27:12 | Construir | Farm |
| 27:13 | Construir | Farm |
| 27:30 | Construir | Farm |
| 27:40 | Construir | Farm |
| 28:32 | Investigar | Gold Shaft Mining |
| 29:19 | Construir | University |
| 29:22 | Investigar | Caravan |
| 29:27 | Crear | Villager (Male) |
| 29:27 | Crear | Villager (Male) |
| 29:27 | Crear | Villager (Male) |
| 29:28 | Crear | Villager (Male) |
| 29:28 | Crear | Villager (Male) |
| 29:34 | Crear | Villager (Male) |
| 29:34 | Crear | Villager (Male) |
| 30:47 | Investigar | Heavy Plow |
| 30:51 | Investigar | Bow Saw |
| 31:08 | Crear | Villager (Male) |
| 31:08 | Crear | Villager (Male) |
Cronología de la partida
| 0:20 | jose.rodarte · wall_segment Palisade Wall x5 |
| 0:38 | jose.rodarte · wall_segment Palisade Wall x23 |
| 4:37 | jose.rodarte · wall_segment Palisade Wall x1 |
| 4:50 | jose.rodarte · wall_segment Palisade Wall x9 |
| 7:54 | SaveBook · wall_segment Palisade Wall x2 |
| 8:22 | SaveBook · wall_segment Palisade Wall x3 |
| 12:04 | SaveBook · age_up feudal |
| 13:05 | El- Üzüm Buğusu · age_up feudal |
| 13:14 | SaveBook · wall_segment Stone Wall x8 |
| 13:55 | BLaCKMaN · first_building Barracks |
| 13:57 | El- Üzüm Buğusu · first_building Barracks |
| 14:49 | BLaCKMaN · age_up feudal |
| 14:55 | El- Üzüm Buğusu · first_building Dock |
| 15:58 | SaveBook · first_building Barracks |
| 17:41 | jose.rodarte · age_up feudal |
| 18:13 | jose.rodarte · wall_segment Stone Wall x6 |
| 18:15 | jose.rodarte · wall_segment Stone Wall x5 |
| 20:05 | SaveBook · wall_segment Stone Wall x8 |
| 21:25 | jose.rodarte · wall_segment Stone Wall x22 |
| 22:19 | SaveBook · first_building Archery Range |
| 23:13 | BLaCKMaN · age_up castle |
| 23:20 | BLaCKMaN · first_building Castle |
| 24:04 | El- Üzüm Buğusu · first_building Stable |
| 24:25 | jose.rodarte · wall_segment Stone Wall x21 |
| 24:52 | BLaCKMaN · first_building Archery Range |
| 25:32 | BLaCKMaN · first_building Monastery |
| 26:35 | El- Üzüm Buğusu · age_up castle |
| 28:08 | El- Üzüm Buğusu · first_building Castle |
| 28:14 | jose.rodarte · first_building Barracks |
| 31:23 | jose.rodarte · resign |
[ ANÁLISIS IA · 1 CRÉDITO ]
¿Qué pasó realmente en esta partida?
Wolo.gg analiza cada decisión: build order, eco, micro, errores típicos por bracket. Análisis personalizado por WhatsApp o Discord en 30 segundos.
Guía civ
Mongoles
Perfil
Jugador #5456044